 Dungeon Crawl Stone Soup version 0.28-a0-561-gc72452776e (webtiles) character file.

Game seed: 15997595350987576408

5379 Conn the Arsonist (level 10, 0/87 HPs)
             Began as an Octopode Fire Elementalist on Sept 29, 2021.
             Succumbed to a killer bee's poison
             ... on level 8 of the Dungeon.
             The game lasted 00:18:00 (9391 turns).

Conn the Arsonist (Octopode Fire Elementalist)      Turns: 9391, Time: 00:18:01

Health: 0/87       AC: 29    Str: 11 (13) XL:     10   Next: 66%
Magic:  23/31      EV:  2    Int: 19 (20) God:
Gold:   336        SH:  0    Dex: 18 (20) Spells: 6/25 levels left

rFire   . . .      SeeInvis .   g - staff of conjuration
rCold   . . .      Faith    .   (no shield)
rNeg    + + +      Spirit   .   (helmet currently unavailable)
rPois   +          Reflect  .   (no amulet)
rElec   .          Harm     .   i - ring of magical power
rCorr   .          Rampage  .   u - +6 ring of dexterity
Will    .....      NoTele   +   v - +4 ring of protection
Stlth   +++.......              B - +6 ring of strength
HPRegen 0.24/turn               (no ring)
MPRegen 0.22/turn               (no ring)
                                (no ring)
                                (no ring)

@: lethally poisoned (0 -> -6), tree-form
A: stationary, stasis, torment immunity, boosted hp, almost no armour,
(amphibious), 8 rings, (camouflage 1), (gelatinous body 1), (nimble swimmer 1),
(tentacles)
a: no special abilities


You were on level 8 of the Dungeon.
You were a tree.
You visited 2 branches of the dungeon, and saw 10 of its levels.

You collected 336 gold pieces.

Inventory:

Hand Weapons
 c - a +0 dagger
Armour
 k - a +0 kite shield
Magical Staves
 g - a staff of conjuration (weapon)
Jewellery
 i - a ring of magical power (left branch)
 u - a +6 ring of dexterity (right branch)
 v - a +4 ring of protection (on tentacle)
 B - a +6 ring of strength (on tentacle)
Wands
 m - a wand of iceblast (8)
 s - a wand of digging (13)
Scrolls
 b - a scroll of torment {unknown}
 d - 6 scrolls of teleportation {unknown}
 e - 7 scrolls of identify {unknown}
 f - 2 scrolls of amnesia {unknown}
 h - 2 scrolls of enchant weapon {unknown}
 j - a scroll of immolation {unknown}
 n - a scroll of acquirement {unknown}
 o - a scroll of fog {unknown}
 p - a scroll of brand weapon {unknown}
 q - a scroll of fear {unknown}
 x - 2 scrolls of summoning {unknown}
 y - a scroll of magic mapping {unknown}
Potions
 a - a potion of lignification
 l - a potion of heal wounds {unknown}
 r - 2 potions of degeneration
 t - a potion of might {unknown}
 w - a potion of flight
 A - a potion of cancellation {unknown}
 C - a potion of attraction {unknown}


   Skills:
 + Level 1.2 Fighting
 + Level 0.1 Short Blades
 + Level 0.2 Staves
 + Level 3.0 Dodging
 + Level 5.6 Stealth
 + Level 8.2 Spellcasting
 + Level 7.8 Conjurations
 * Level 3.3 Hexes
 + Level 9.1 Fire Magic


You had 6 spell levels left.
You knew the following spells:

 Your Spells              Type           Power      Damage    Failure   Level
a - Foxfire               Conj/Fire      100%       2x1d9     1%          1
b - Conjure Flame         Conj/Fire      56%        6-21      1%          3
c - Inner Flame           Hex/Fire       31%        N/A       1%          3
d - Flame Wave            Conj/Fire      56%        3d10      2%          4
e - Scorch                Fire           84%        2d9       1%          2
f - Invisibility          Hex            10%        N/A       98%         6

Your spell library contained the following spells:

 Spells                   Type           Power      Damage    Failure   Level
 Ensorcelled Hibernation  Hex/Ice        28%        N/A       7%          2
 Apportation              Tloc           14%        N/A       9%          1
 Spider Form              Tmut/Pois      3%         N/A       26%         3
 Alistair's Intoxication  Tmut/Pois      4%         N/A       94%         5


Dungeon Overview and Level Annotations

Branches:
Dungeon (9/15)             Temple (1/1) D:7
   Lair: D:8-11         Orc: D:9-12

Altars:
Ashenzari
Cheibriados
Dithmenos
Elyvilon
Fedhas
Gozag
Hepliaklqana
Kikubaaqudgha
Makhleb
Nemelex Xobeh
Okawaru
Qazlal
Ru
Trog
Uskayaw
Vehumet
Wu Jian
Xom
Yredelemnul
Zin
The Shining One


Innate Abilities, Weirdness & Mutations

You are a tree.
Your roots penetrate the ground, keeping you stationary.
You cannot be teleported.
You are immune to unholy pain and torment.
Your maximum health is greatly increased.
You cannot wear most types of armour.
((You are amphibious.))
You can wear up to eight rings at the same time.
((Your skin changes colour to match your surroundings (Stealth+).))
((Your rubbery body absorbs attacks. (AC +1, EV +1)))
((You are camouflaged near water. (Stealth+)))
((You have tentacles for arms and can constrict up to eight enemies at once.))


Message History

You are more poisoned.
The killer bee poisons you! The killer bee stings you. x2
You are lethally poisoned!
The killer bee poisons you! The killer bee misses you.
You feel very sick.
The foxfire hits the killer bee.
You kill the killer bee!
The foxfire hits the killer bee!
You kill the killer bee!
The killer bee stings you but does no damage.
Unknown command.
Casting: Foxfire (safe; 1% risk of failure)
Confirm with . or Enter, or press ? or * to list all spells.
You feel a surge of power!
You conjure some foxfire!
* * * LOW HITPOINT WARNING * * *
You feel very sick. The killer bee barely misses you.
The killer bee stings you.
* * * LOW HITPOINT WARNING * * *
* * * LOW HITPOINT WARNING * * *
You feel very sick.
The foxfire hits the killer bee.
The killer bee explodes!
The fiery explosion engulfs your foxfire.
Your foxfire completely resists.
You hear a shout!
* * * LOW HITPOINT WARNING * * *
You feel very sick.
Your foxfire dissipates!
Unknown command.
It was a potion of degeneration.
There was something very wrong with that liquid.
You feel weakened.
You feel dopey.
You feel clumsy.
* * * LOW HITPOINT WARNING * * *
You feel very sick.
It was a potion of lignification.
You turn into a tree.
Your roots penetrate the ground.
* * * LOW HITPOINT WARNING * * *
You feel sick.
It was a potion of flight.
Your roots keep you in place.
You die...

#...............
#....#..........
#....#..........
#....#..........
#...............
#'#############....##.........
.........§§........##.........
.........§§§.......##.........
..........§§.♣.....##.........
.........†.........#####.#+###
.$.#############.........#....
.. #######........ .
...(........ ....#........
#.....####... ###.....##...
###........


There were no monsters in sight!

Vanquished Creatures
  2 two-headed ogres
  A centaur zombie (D:5)
  A troll (D:5)
  A shadow (D:8)
  Sigmund (D:3)
  5 yaks (D:9)
  3 water moccasins
  2 ice beasts
  2 sky beasts
  An orc warrior (D:7)
  2 centaurs
  An ogre (D:6)
  A phantom (D:7)
  A bullfrog (D:7)
  A wyvern zombie (D:6)
  A water moccasin zombie (D:5)
  A scorpion (D:4)
  A water moccasin skeleton (D:7)
  4 killer bees (D:8)
  8 wights (D:7)
  A howler monkey (D:6)
  2 centaur skeletons (D:7)
  2 orc priests (D:7)
  A bullfrog skeleton (D:6)
  3 hounds
  A jelly (D:6)
  Jessica (D:2)
  An iguana (D:6)
  Natasha (thrice) (D:3)
  9 orc wizards
  A hound skeleton (D:4)
  2 adders
  A howler monkey skeleton (D:5)
  A white imp (D:5)
  A worm (D:2)
  A dart slug (D:2)
  16 orcs
  A ball python (D:1)
  7 endoplasms
  3 giant cockroaches
  8 hobgoblins
  2 jackals (D:1)
  4 kobolds
  2 quokkas
  A bat (D:1)
  2 frilled lizards
  9 goblins
  3 rats
129 creatures vanquished.

Vanquished Creatures (others)
  668 foxfires
668 creatures vanquished.

Grand Total: 797 creatures vanquished

Notes
Turn   | Place    | Note
-------+----------+-------------------------------------------
     0 | D:1      | Conn the Octopode Fire Elementalist began the quest for the
                  | Orb.
     0 | D:1      | Reached XP level 1. HP: 11/11 MP: 3/3
   404 | D:1      | Reached XP level 2. HP: 6/17 MP: 1/5
  1134 | D:1      | Reached XP level 3. HP: 18/21 MP: 0/6
  1385 | D:2      | Noticed Jessica
  1390 | D:2      | Killed Jessica
  1465 | D:2      | Reached XP level 4. HP: 27/27 MP: 2/7
  2411 | D:3      | Found a snail-covered altar of Cheibriados.
  2577 | D:3      | You fall into a shaft and drop 2 floors!
  2577 | D:5      | Entered Level 5 of the Dungeon
  2593 | D:5      | Learned a level 3 spell: Conjure Flame
  2597 | D:5      | Learned a level 3 spell: Inner Flame
  2604 | D:5      | Noticed an ice beast
  2611 | D:5      | Killed an ice beast
  2612 | D:5      | Reached skill level 4 in Fire Magic
  2612 | D:5      | Reached XP level 5. HP: 31/31 MP: 8/9
  2684 | D:5      | Noticed a water moccasin
  2721 | D:5      | Killed a water moccasin
  2722 | D:5      | Reached XP level 6. HP: 36/36 MP: 11/11
  2770 | D:5      | Noticed a troll
  2841 | D:5      | Killed a troll
  2842 | D:5      | Reached skill level 5 in Fire Magic
  2842 | D:5      | Reached XP level 7. HP: 41/41 MP: 10/13
  3026 | D:5      | Reached skill level 5 in Spellcasting
  3026 | D:5      | Reached XP level 8. HP: 22/47 MP: 14/15
  3685 | D:4      | Found a hide-covered altar of Uskayaw.
  4098 | D:3      | Noticed Sigmund
  4296 | D:2      | Learned a level 4 spell: Flame Wave
  4320 | D:3      | Killed Sigmund
  4321 | D:3      | Reached skill level 6 in Fire Magic
  4403 | D:3      | Noticed Natasha
  4408 | D:3      | Killed Natasha
  4595 | D:3      | Noticed Natasha
  4601 | D:3      | Killed Natasha
  4721 | D:3      | Found a faded altar of an unknown god.
  4800 | D:4      | Found an ancient bone altar of Kikubaaqudgha.
  4920 | D:4      | Reached skill level 5 in Conjurations
  5546 | D:6      | Found a hazy altar of Hepliaklqana.
  5547 | D:6      | Found a shimmering altar of Xom.
  5548 | D:6      | Noticed a spectral ugly thing
  5679 | D:6      | Noticed a two-headed ogre
  5890 | D:7      | Reached XP level 9. HP: 32/52 MP: 9/18
  6058 | D:6      | Killed a two-headed ogre
  6059 | D:6      | Reached skill level 1 in Fighting
  6059 | D:6      | Reached skill level 1 in Hexes
  6059 | D:6      | Reached skill level 7 in Fire Magic
  6271 | D:6      | Found a glowing golden altar of the Shining One.
  6936 | D:3      | Noticed Natasha
  6942 | D:3      | Killed Natasha
  7208 | D:7      | Reached skill level 5 in Stealth
  7463 | D:7      | Found a staircase to the Ecumenical Temple.
  7482 | Temple   | Entered the Ecumenical Temple
  7891 | D:7      | Reached skill level 8 in Fire Magic
  8087 | D:7      | Reached XP level 10. HP: 48/58 MP: 17/21
  8192 | D:7      | Found a white marble altar of Elyvilon.
  8660 | D:7      | Learned a level 2 spell: Scorch
  8667 | D:7      | Learned a level 6 spell: Invisibility
  8706 | D:8      | Noticed a two-headed ogre
  8713 | D:8      | Killed a two-headed ogre
  8868 | D:8      | You fall into a shaft and drop 1 floor!
  8923 | D:9      | Reached skill level 9 in Fire Magic
  8932 | D:9      | HP: 2/58 [orc warrior (9)]
  9389 | D:8      | HP: 1/58 [poisoned by a killer bee]
  9391 | D:8      | Succumbed to a killer bee's poison

Illustrated notes

Levels and vault maps discovered:
D:1:      minmay_arrival_stone_box, layout_rooms, chequers_decorated_corner,
          roderic_serpentine_path
D:2:      layout_basic, uniq_jessica
D:3:      layout_basic, overflow_temple_1_default,
          ebering_ecumenical_altar_abandoned, uniq_sigmund, uniq_natasha
D:4:      layout_cave_pools, nicolae_uskayaw_murder_on_the_dancefloor,
          kiku_gazebo_garden_becter
D:5:      layout_basic
D:6:      layout_loops_ring, kennysheep_little_box,
          regret_index_temple_of_mockery
D:7:      layout_loops_ring, mainiacjoe_overflow_24_doors,
          minmay_temple_entry_tees
D:8:      minmay_diamond_stairs, layout_basic, nicolae_overflow_crystal_walls,
          serial_shops, nicolae_shop_competitors_out_of_business
D:9:      minmay_flawed_box, layout_stronghold, uniq_psyche, uniq_pikel
Temple:   eino_temple_water

Skill      XL: |  1  2  3  4  5  6  7  8  9 10 |
---------------+-------------------------------+-----
Stealth        | 3 4 5 |  5.6
Spellcasting   | 3 4 5 6 7 8 |  8.2
Conjurations   | 2 3 4 5 6 7 |  7.8
Fire Magic     | 4 5 6 8 9 |  9.1
Fighting       | 1 |  1.2
Hexes          | 1 3 |  3.3
Dodging        | 3 |  3.0
Short Blades   | |  0.1
Staves         | |  0.2

Action                   |  1- 3 |  4- 6 |  7- 9 | 10-12 || total
-------------------------+-------+-------+-------+-------++-------
Melee: Dagger            |    13 |       |       |       ||    13
       Unarmed           |     3 |       |       |       ||     3
       Constrict         |     2 |       |     5 |       ||     7
       Tentacles         |     1 |       |     8 |       ||     9
       Staff             |       |     1 |    32 |       ||    33
 Cast: Foxfire           |    45 |    43 |   249 |    61 ||   398
       Conjure Flame     |       |     4 |     5 |       ||     9
       Inner Flame       |       |       |     6 |     8 ||    14
       Flame Wave        |       |       |     5 |     2 ||     7
       Scorch            |       |       |       |     1 ||     1
  Use: Potion            |       |       |       |     4 ||     4
 Stab: Sleeping          |     2 |       |     1 |       ||     3
Armor: Skin              |       |       |    13 |     6 ||    19
Dodge: Dodged            |    13 |       |    47 |    15 ||    75

Table legend: (Time is in decaauts)
 A = Elapsed time spent in this place.
 B = Non-inter-level travel time spent in this place.
 C = Inter-level travel time spent in this place.
 D = Time resting spent in this place.
 E = Time spent auto-exploring this place.
 F = Levels seen in this place.
 G = Mean time per level.
                   A        B        C        D        E       F      G
               +--------+--------+--------+--------+--------+-----+--------+
         Total |   9400 |   9075 |    325 |    990 |   6295 |  10 |  940.0 |
       Dungeon |   9002 |   8677 |    325 |    990 |   5972 |   9 | 1000.2 |
        Temple |    398 |    398 |      0 |      0 |    323 |   1 |  398.0 |
               +--------+--------+--------+--------+--------+-----+--------+

Top non-repeatable levels by time:
     D:7: 1397 daAuts
     D:2: 1292 daAuts
     D:5: 1287 daAuts
     D:1: 1274 daAuts
     D:4: 1072 daAuts
     D:6: 1030 daAuts
     D:3: 934 daAuts
     D:8: 648 daAuts
  Temple: 398 daAuts
     D:9: 64 daAuts
